 Dungeon Crawl Stone Soup version 0.31-a0-219-g8d62b2e7bb (webtiles) character file.

Game seed: 12471293386599299013

123 Zonian the Magician (level 4, -1/24 HPs)
             Began as a Deep Elf Fire Elementalist on July 3, 2023.
             Slain by Pargi (8 damage)
             ... in a sewer.
             The game lasted 00:03:55 (2762 turns).

Zonian the Magician (Deep Elf Fire Elementalist)    Turns: 2762, Time: 00:03:56

Health: -1/24      AC:  2    Str:  5    XL:     4   Next: 79%
Magic:  6/12       EV: 13    Int: 22    God:
Gold:   89         SH:  0    Dex: 15    Spells: 9/12 levels left

rFire   x . .        h - +0 dagger
rCold   + . .        (no shield)
rNeg    . . .        a - +0 robe
rPois   .            (no helmet)
rElec   .            (no cloak)
rCorr   .            (no gloves)
SInv    .            (no boots)
Will    .....        (no amulet)
Stlth   ++           m - ring of ice
HPRegen 0.24/turn    (no ring)
MPRegen 0.13/turn

%: no passive effects
@: no status effects
A: no striking features
a: no special abilities


You were in a sewer.
You visited 1 branch of the dungeon, and saw 3 of its levels.
You also visited: Sewer.

You collected 89 gold pieces.

Inventory:

Hand Weapons
 h - a +0 dagger (weapon)
 k - a +0 heavy hand axe
Armour
 a - a +0 robe (worn)
Magical Staves
 d - a staff of earth
Jewellery
 m - a ring of ice (left hand)
Scrolls
 c - a scroll of teleportation {unknown}
 f - 3 scrolls of identify {unknown}
 g - a scroll of poison {unknown}
 j - a scroll of amnesia {unknown}
Potions
 b - a potion of magic
 e - 2 potions of heal wounds {unknown}
 i - 2 potions of mutation {unknown}
 l - a potion of curing {unknown}
 n - a potion of degeneration {unknown}
 o - 2 potions of might {unknown}


   Skills:
 - Level 2.7 Dodging
 - Level 2.7 Stealth
 + Level 4.5 Spellcasting
 + Level 2.8 Conjurations
 + Level 4.3 Fire Magic


You had 9 spell levels left.
You knew the following spells:

 Your Spells              Type           Power      Damage    Failure   Level
a - Foxfire               Conj/Fire      80%        2x1d8     2%          1
b - Scorch                Fire           46%        2d6       2%          2

Your spell library contained the following spells:

 Spells                   Type           Power      Damage    Failure   Level
 Inner Flame              Hex/Fire       14%        N/A       13%         3
 Volatile Blastmotes      Fire/Tloc      28%        2d12      13%         3
 Flame Wave               Conj/Fire      20%        2d7       24%         4


Dungeon Overview and Level Annotations

Branches:
Dungeon (3/15)              Sewer (1/1)

Altars:

Annotations:
Sewer Pargi


Message History

Found a red potion.
Unknown command.
There is an open door here.
The helpless bat fails to defend itself.
You puncture the bat!
You kill the bat!
No target in view!
No target in view!
o - 2 red potions (gained 1)
There is an open door here.
You open the door.
Pargi the Meek comes into view.
Unknown command.
Pargi shouts!
Pargi bites you. Pargi claws you. Pargi closely misses you.
There is an open door here.
You closely miss Pargi. Pargi closely misses you.
Pargi claws you but does no damage. Pargi claws you.
Unknown command.
Casting: Scorch (safe; 2% risk of failure)
Confirm with . or Enter, or press ? or * to list all spells.
Flames lash Pargi.
Pargi is moderately wounded.
Pargi's fire resistance burns away.
Pargi bites you. Pargi barely misses you. x2
Unknown command.
Unknown command.
Casting: Scorch (safe; 2% risk of failure)
Confirm with . or Enter, or press ? or * to list all spells.
Flames lash Pargi.
Pargi is moderately wounded.
Pargi bites you. Pargi claws you.
* * * LOW HITPOINT WARNING * * *
Pargi claws you but does no damage.
Unknown command.
Casting: Scorch (safe; 2% risk of failure)
Confirm with . or Enter, or press ? or * to list all spells.
Flames lash Pargi.
Pargi is burned terribly!
Pargi is severely wounded.
Pargi bites you!
You die...

#######
+.~≈~.+
#.~≈~.#
#.~≈~.#
+.~≈~.+
#.~≈~.#
#.~≈~.####
+.~≈~.@T.#
#.~≈~.####
#.~≈~.####
+..∩....∩#
#.~≈~.####
#.~≈~.####
+.~≈~.'..#
#.~≈~.####
#.~≈~.####


You could see Pargi (combustible).

Vanquished Creatures
  Jessica (D:2)
  2 adders (D:2)
  3 river rats (D:3)
  5 worms (D:3)
  A dart slug (D:1)
  4 endoplasms
  2 giant cockroaches
  4 goblins
  3 hobgoblins (D:1)
  4 ball pythons
  3 bats
  3 frilled lizards (D:2)
  5 rats
40 creatures vanquished.

Vanquished Creatures (others)
  169 foxfires
169 creatures vanquished.

Grand Total: 209 creatures vanquished

Notes
Turn   | Place    | Note
-------+----------+-------------------------------------------
     0 | D:1      | Zonian the Deep Elf Fire Elementalist began the quest for
                  | the Orb.
     0 | D:1      | Reached XP level 1. HP: 10/10 MP: 6/6
    92 | D:1      | Found a faded altar of an unknown god.
   291 | D:1      | Reached XP level 2. HP: 15/15 MP: 4/8
  1420 | D:2      | Reached XP level 3. HP: 19/19 MP: 5/10
  1558 | D:2      | Learned a level 2 spell: Scorch
  2030 | D:2      | Noticed Jessica
  2046 | D:2      | Killed Jessica
  2190 | D:2      | Reached XP level 4. HP: 24/24 MP: 3/12
  2570 | D:3      | Found a glowing drain.
  2582 | Sewer    | Entered a sewer
  2757 | Sewer    | Noticed Pargi
  2762 | Sewer    | Slain by Pargi

Illustrated notes

Levels and vault maps discovered:
D:1:      dpeg_arrival_water_temple_mockup, layout_loops_ring,
          basic_ecumenical_altar
D:2:      layout_basic, minmay_pentomino_x4, uniq_jessica
D:3:      layout_basic, lemuel_doored_altar, nicolae_overflow_hidden_temple,
          mainiacjoe_overflow_big_doors, lightli_sewer_entry_pipes,
          grunt_decor_junction
Sewer:    kennysheep_door_sewer

Skill      XL: |  1  2  3 |
---------------+----------+-----
Conjurations   | 2 |  2.8
Spellcasting   | 4 |  4.5
Fire Magic     | 4 |  4.3
Dodging        | |  2.7
Stealth        | |  2.7

Action                     |  1- 3 |  4- 6 || total
---------------------------+-------+-------++-------
  Melee: Unarmed           |     3 |       ||     3
         Dagger            |     2 |     4 ||     6
   Cast: Foxfire           |    85 |    22 ||   107
         Scorch            |     4 |     7 ||    11
   Stab: Sleeping          |     1 |     1 ||     2
 Armour: Robe              |     2 |     2 ||     4
  Dodge: Dodged            |     3 |     7 ||    10

Table legend: (Time is in decaauts)
 A = Elapsed time spent in this place.
 B = Non-inter-level travel time spent in this place.
 C = Inter-level travel time spent in this place.
 D = Time resting spent in this place.
 E = Time spent auto-exploring this place.
 F = Levels seen in this place.
 G = Mean time per level.
                   A        B        C        D        E       F      G
               +--------+--------+--------+--------+--------+-----+--------+
         Total |   2796 |   2755 |     41 |    479 |   1820 |   4 |  699.0 |
       Dungeon |   2616 |   2575 |     41 |    346 |   1798 |   3 |  872.0 |
         Sewer |    179 |    179 |      0 |    133 |     22 |   1 |  179.0 |
               +--------+--------+--------+--------+--------+-----+--------+

Top non-repeatable levels by time:
     D:2: 1452 daAuts
     D:1: 1024 daAuts
   Sewer: 179 daAuts
     D:3: 139 daAuts
